 Dungeon Crawl Stone Soup version 0.29-a0-819-g94b489e0ae (webtiles) character file.

Game seed: 15557615807734094447

262269 zeratav the Alchemist (level 19, -13/123 HPs)
             Began as an Octopode Venom Mage on July 6, 2022.
             Was an Initiate of Gozag.
             Shot with an arrow by a deep elf master archer (20 damage)
             ... on level 3 of the Elven Halls.
             The game lasted 03:23:59 (55122 turns).

zeratav the Alchemist (Octopode Venom Mage)        Turns: 55122, Time: 03:23:59

Health: -13/123    AC: 19    Str:  7    XL:     19   Next: 98%
Magic:  35/35      EV: 31    Int: 35    God:    Gozag
Gold:   622        SH:  0    Dex:  6    Spells: 11/42 levels left

rFire   + . .      SeeInvis +     - Unarmed
rCold   + . .      Faith    .   (shield currently unavailable)
rNeg    . . .      Spirit   .   (helmet currently unavailable)
rPois   ∞          Reflect  .   n - amulet of magic regeneration {@e2}
rElec   +          Harm     .   w - +6 ring of intelligence
rCorr   +          Rampage  .   Z - ring "Xaum" {Wiz Will+ rCorr Dex-5}
Will    ++...                   C - +6 ring of intelligence
Stlth   ++++......              G - ring of protection from cold
HPRegen 0.30/turn               R - ring of see invisible
MPRegen 0.64/turn               P - +4 ring of evasion
                                X - ring of protection from fire
                                j - +4 ring of evasion

@: storm-form, blinkbolt cooldown, flying, hasted, studying 2 skills, very quick
A: cleaving, insubstantial, flying, almost no armour, amphibious, 8 rings,
(camouflage 2), (gelatinous body 1), (nimble swimmer 1), (tentacles),
(iridescent scales 1), (large bone plates 1), clumsy 1, frail 1, weak 1
}: 2/15 runes: serpentine, abyssal
a: Blinkbolt, End Transformation, Renounce Religion, Potion Petition, Call
Merchant, Bribe Branch


You were on level 3 of the Elven Halls.
You worshipped Gozag.
Gozag was pleased with you.
You were a lightning-filled tempest!
You visited 7 branches of the dungeon, and saw 32 of its levels.
You visited the Abyss 1 time.
You also visited: Bailey, Gauntlet, Ice Cave and Volcano.

You collected 10305 gold pieces.
You spent 7958 gold pieces at shops.
You paid 1725 gold pieces to Gozag.


Innate Abilities, Weirdness & Mutations

You are a lightning-filled tempest!
Your electrical attacks strike out in all directions at once.
You are incredibly evasive.
Your insubstantial body is immune to petrification, constriction, and being set on fire You are flying.
You are immune to poison.
Your armour is entirely melded.
You are incapable of wielding weapons or throwing items.
You cannot wear most types of armour.
You are amphibious.
You can wear up to eight rings at the same time.
((Your skin blends seamlessly with your surroundings (Stealth++).))
((Your rubbery body absorbs attacks. (AC +1, EV +1)))
((You are camouflaged when in or above water. (Stealth+)))
((You have tentacles for arms and can constrict up to eight enemies at once.))
((You are partially covered in iridescent scales. (AC +2)))
((You are partially covered in large bone plates. (SH +4)))
You are clumsy. (Dex -2)
You are frail. (-10% HP)
You are weak. (Str -2)


   Skills:
 + Level 14.5 Fighting
 - Level 15.0 Dodging
 - Level 10.0 Stealth
 - Level 11.0 Unarmed Combat
 - Level 12.0 Spellcasting
 - Level 8.0 Conjurations
 - Level 8.0 Hexes
 - Level 15.0 Transmutations
 - Level 15.0 Air Magic
 - Level 9.0 Poison Magic


You had 11 spell levels left.
You knew the following spells:

 Your Spells              Type           Power      Damage    Failure   Level
a - Swiftness             Air            90%        N/A       0%          3
b - Fulminant Prism       Conj/Hex       33%        3d16      1%          4
c - Olgreb's Toxic Radia  Pois           71%        N/A       1%          4
d - Eringya's Noxious Bo  Tmut/Pois      40%        N/A       1%          6
e - Storm Form            Tmut/Air       45%        N/A       1%          7
g - Blink                 Tloc           42%        N/A       1%          2
h - Yara's Violent Unrav  Hex/Tmut       39%        3d16      1%          5

Your spell library contained the following spells:

 Spells                   Type           Power      Damage    Failure   Level
 Shock                    Conj/Air       100%       1d9       0%          1
 Sting                    Tmut/Pois      100%       1d8       0%          1
 Poisonous Vapours        Pois/Air       100%       N/A       0%          2
 Wereblood                Tmut           90%        N/A       0%          2
 Magic Dart               Conj           100%       1d8       1%          1
 Necrotise                Necr           84%        1d8       1%          1
 Searing Ray              Conj           100%       2d8       1%          2
 Sublimation of Blood     Necr           21%        N/A       1%          2
 Confusing Touch          Hex            67%        N/A       1%          3
 Mephitic Cloud           Conj/Pois/Air  77%        N/A       1%          3
 Airstrike                Air            45%        0-14+     1%          4
 Vampiric Draining        Necr           21%        2d7       2%          3
 Agony                    Necr           21%        N/A       22%         5
 Manifold Assault         Tloc           21%        N/A       22%         5
 Summon Forest            Summ/Tloc      10%        N/A       22%         5
 Enfeeble                 Hex            33%        N/A       26%         7
 Dispersal                Tloc           10%        N/A       73%         6
 Necromutation            Tmut/Necr      32%        N/A       91%         8
 Summon Hydra             Summ           10%        N/A       99%         7
 Borgnjor's Revivificati  Necr           10%        N/A       100%        8
 Disjunction              Tloc           10%        N/A       100%        8
 Death's Door             Necr           10%        N/A       100%        9
 Corpse Rot               Necr/Pois/Air  Unusable   N/A       N/A         4

Inventory:

Hand Weapons
 q - the +7 long sword of Resourcefulness {holy, rC+ Dex+7, long}
   (You took it off a vault guard on level 14 of the Dungeon)

   It has been blessed by the Shining One to cause great damage to the undead
   and demons.
   Dex:       It affects your dexterity (+7).
   rC:        It protects you from cold.
 x - the +10 spear of Wrath (melded) {flame, Str+6, polearm}
   (You found it on level 4 of the Dungeon)

   It burns those it strikes, dealing additional fire damage.
   Str:       It affects your strength (+6).
Armour
 D - a +2 hat (melded)
   (You found it in an ice cave)
 U - a +0 buckler (melded)
   (You found it on level 1 of the Lair of Beasts)
Jewellery
 c - a +4 ring of protection
   (You found it on level 4 of the Dungeon)
 d - a ring of resist corrosion
   (You found it on level 12 of the Dungeon)
 e - a ring of protection from cold
   (You took it off a reaper in an ice cave)
 j - a +4 ring of evasion (on tentacle)
   (You found it on level 1 of the Elven Halls)
 k - a ring of willpower
   (You took it off a deep elf sorcerer on level 3 of the Elven Halls)
 n - an amulet of magic regeneration (around neck) {@e2}
   (You found it on level 2 of the Dungeon)
 s - a ring of protection from fire
   (You found it on level 2 of the Snake Pit)
 w - a +6 ring of intelligence (left fist)
   (You found it on level 4 of the Dungeon)
 C - a +6 ring of intelligence (on tentacle)
   (You found it on level 5 of the Dungeon)
 G - a ring of protection from cold (on tentacle)
   (You found it on level 6 of the Dungeon)
 K - a ring of wizardry
   (You found it on level 9 of the Dungeon)
 P - a +4 ring of evasion (on tentacle)
   (You found it on level 11 of the Dungeon)
 R - a ring of see invisible (on tentacle)
   (You bought it in a shop on level 13 of the Dungeon)
 T - a ring of protection from cold
   (You took it off a reaper in an ice cave)
 X - a ring of protection from fire (on tentacle)
   (You found it on level 15 of the Dungeon)
 Z - the ring "Xaum" (right fist) {Wiz Will+ rCorr Dex-5}
   (You bought it in a shop on level 13 of the Dungeon)

   [ring of wizardry]

   It improves your spell success rate.
   Dex:       It affects your dexterity (-5).
   rCorr:     It protects you from acid and corrosion.
   Will:      It increases your willpower.
Wands
 z - a wand of roots (23)
   (You took it off Crazy Yiuf on level 4 of the Dungeon)
 E - a wand of flame (20)
   (You took it off a hobgoblin on level 6 of the Dungeon)
 F - a wand of mindburst (31)
   (You found it on level 6 of the Dungeon)
 J - a wand of quicksilver (4)
   (You found it on level 4 of the Snake Pit)
 M - a wand of paralysis (19)
   (You found it on level 10 of the Dungeon)
 Y - a wand of polymorph (11)
   (You found it on level 3 of the Snake Pit)
Scrolls
 b - a scroll of brand weapon
 i - 9 scrolls of vulnerability {!r!r}
 l - 9 scrolls of teleportation {@r4}
 t - 8 scrolls of enchant armour
 v - 9 scrolls of enchant weapon
 y - 3 scrolls of poison {!r}
 A - 4 scrolls of fog
 B - 4 scrolls of fear
 L - 4 scrolls of immolation {!r!r}
 O - 2 scrolls of magic mapping {!r}
 S - 5 scrolls of amnesia
 V - 2 scrolls of identify {@r1}
Potions
 a - a potion of magic
 f - 11 potions of curing {@q1}
 g - 9 potions of mutation {!q}
 h - 2 potions of lignification {!q}
 m - 7 potions of brilliance
 o - 4 potions of might
 p - 9 potions of haste {@q3}
 r - 5 potions of attraction {!q}
 u - 5 potions of flight
 N - 3 potions of resistance
 Q - 2 potions of ambrosia
Miscellaneous
 W - a box of beasts
   (You found it on level 12 of the Dungeon)

Dungeon Overview and Level Annotations

Branches:
Dungeon (15/15) Zot: 26383  Temple (1/1) D:5 Zot: 5985    Lair (6/6) D:9 Zot: 26296
  Swamp (0/4) Lair:4        Snake (4/4) Lair:4 Zot: 12549   Slime (1/5) Lair:5 Zot: 5998
    Orc (2/2) D:11 Zot: 6816     Elf (3/3) Orc:2 Zot: 10506  Vaults (0/5) D:14
 Bailey (visited)           IceCv (visited)         Volcano (visited)
Gauntlet (visited)
 Depths: D:15

Altars:
Ashenzari
Elyvilon
Gozag
Kikubaaqudgha
Makhleb
Nemelex Xobeh
Okawaru
Qazlal
Ru
Sif Muna
Trog
Uskayaw
Vehumet
Wu Jian
Xom
Zin

Shops:
D:8 :[   D:13 =:   Orc:2 [*:!   Elf:1 ?   Elf:2 *   Snake:1 *:(   Snake:2 *
Snake:4 :=:

Portals:
Pandemonium: Orc:2
Trove: D:12 (give +7 demon blade)

Annotations:
D:11 2 transporters, zhov's ghost, journeyman DsFi
D:14 exclusion: 2 downstairs
Lair:5 exclusion: downstairs
Elf:1 1 runed translucent door, exclusion: downstairs, pigah's ghost, adept OpAE
Elf:2 5 runed translucent doors

#....)....#.##..#.#..##.
##..)..).##....##.##....
#......##..#.##...##.#.
####......##.........##
#...#.##..#.....#..#
#..##....##.....##..
#.##..#.##..#.#..##)
#....##....##.##....
#..v##....##...##...
##.e.................
#....##....##...##...
#.....##....##.##....
#..##..#.##..#.#..##. .
#...##....##.....##..
#....#.##..#.....#..#
#.......##.........##
#....##..#.##...##.#.


You could see a deep elf master archer.


Message History

HP[+1] HP[+1] HP[+1]
Your transformation is almost over.
HP[+1]
There is an open door here.
HP[+1]
You reach down and close the door.
HP[+1]
Your transformation has ended.
The +10 spear of Wrath {flame, Str+6, polearm} unmelds from your body.
Your +2 hat unmelds from your body.
Your +0 buckler unmelds from your body.
The +10 spear of Wrath {flame, Str+6, polearm} bursts into flame!
You close the door.
You start resting.
HP[+58]
Your hp is fully restored (123).
Casting: Eringya's Noxious Bog (dangerous; 1% risk of failure)
Confirm with . or Enter, or press ? or * to list all spells.
You turn into a lightning-filled tempest!
The +10 spear of Wrath {flame, Str+6, polearm} melds into your body.
Your +2 hat melds into your body.
Your +0 buckler melds into your body.
The +10 spear of Wrath {flame, Str+6, polearm} stops flaming.
MP[-6]
You lost 6 mp, and now have 29/35 mp.
You reach down and open the door.
MP[+1]
There is an open door here.
MP[+1] MP[+1] MP[+1] MP[+1] MP[+1]
Your mp is fully restored (35).
The deep elf master archer shouts!
The deep elf master archer shoots an arrow.
The arrow completely misses you.
The deep elf master archer shoots an arrow.
The arrow closely misses you.
The deep elf master archer shoots an arrow.
The arrow hits you!
HP[-15]
You take 15 damage, and now have 108/123 hp.
Aiming: Blinkbolt
Press: ? - help, Dir - move target, f - deep elf master archer
Aim: a deep elf master archer, wielding a +0 longbow, wearing a +0 scale mail, wearing a ring of fire and quivering stones (88% to hit)
The shock of your passage hits the deep elf master archer!!
You blink.
The deep elf master archer shoots an arrow.
The arrow hits you!
The deep elf master archer shoots an arrow.
The arrow hits you!
HP[-24]
You take 24 damage, and now have 84/123 hp.
You completely miss the deep elf master archer.
The deep elf master archer shoots an arrow.
The arrow hits you!!
The deep elf master archer shoots an arrow.
The arrow closely misses you.
HP[-21]
You take 21 damage, and now have 63/123 hp.
You barely miss the deep elf master archer.
The deep elf master archer unwields a +0 longbow.
The deep elf master archer completely misses you.
You barely miss the deep elf master archer.
The deep elf master archer wields a +0 longbow.
The deep elf master archer shoots an arrow.
The arrow completely misses you.
You batter the deep elf master archer!!
Lightning courses through the deep elf master archer!!
The deep elf master archer shoots an arrow.
The arrow hits you!!
* * * LOW HITPOINT WARNING * * *
HP[-27]
You take 27 damage, and now have 36/123 hp.
MASSIVE DAMAGE!! (PAUSE)
You hit the deep elf master archer but do no damage.
The deep elf master archer shoots an arrow.
The arrow hits you!
* * * LOW HITPOINT WARNING * * *
HP[-12]
You take 12 damage, and now have 24/123 hp.
You barely miss the deep elf master archer.
The deep elf master archer unwields a +0 longbow.
The deep elf master archer hits you but does no damage.
You feel yourself speed up.
The deep elf master archer wields a +0 longbow.
The deep elf master archer shoots an arrow.
The arrow barely misses you.
You closely miss the deep elf master archer.
The deep elf master archer shoots an arrow.
The arrow hits you!
* * * LOW HITPOINT WARNING * * *
HP[-17]
You take 17 damage, and now have 7/123 hp.
You hit the deep elf master archer but do no damage.
The deep elf master archer shoots an arrow.
The arrow hits you!!
You die...
Your body crumbles into a pile of gold.

Skill      XL: |  1  2  3  4  5  6  7  8  9 10 11 12 13 14 15 16 17 18 19 |
---------------+----------------------------------------------------------+-----
Stealth        | 3 4 5 7 10 | 10.0
Poison Magic   | 4 5 7 8 9 |  9.0
Fighting       | 2 4 6 9 10 12 14 | 14.5
Dodging        | 3 5 6 9 10 12 15 | 15.0
Spellcasting   | 3 4 5 6 8 12 | 12.0
Air Magic      | 5 6 8 11 12 15 | 15.0
Conjurations   | 2 4 7 8 |  8.0
Hexes          | 2 4 7 8 |  8.0
Transmutations | 8 9 10 12 13 15 | 15.0
Unarmed Combat | 3 9 11 | 11.0

Action                   |  1- 3 |  4- 6 |  7- 9 | 10-12 | 13-15 | 16-18 | 19-21 || total
-------------------------+-------+-------+-------+-------+-------+-------+-------++-------
Melee: Short sword       |    18 |    20 |       |       |       |       |       ||    38
       Constrict         |     6 |    11 |     5 |    14 |     7 |     3 |       ||    46
       Tentacles         |     4 |     6 |    12 |    19 |    12 |     8 |       ||    61
       Rapier            |       |     1 |       |       |       |       |       ||     1
       Flail             |       |    16 |       |       |       |       |       ||    16
       Spear             |       |     9 |    43 |   114 |    61 |    45 |       ||   272
       Punch             |       |       |     2 |     1 |     2 |    30 |    19 ||    54
       Unarmed           |       |       |       |       |       |   710 |   330 ||  1040
Throw: Boomerang         |       |       |       |       |     2 |       |       ||     2
 Cast: Sting             |    47 |    16 |       |     3 |       |       |       ||    66
       Poisonous Vapours |     4 |    55 |    14 |   114 |    21 |     6 |       ||   214
       Olgreb's Toxic Ra |       |    11 |    72 |   109 |   205 |    57 |    23 ||   477
       Fulminant Prism   |       |       |       |    48 |    97 |   105 |     2 ||   252
       Swiftness         |       |       |       |     3 |     7 |     6 |     4 ||    20
       Eringya's Noxious |       |       |       |       |    29 |    95 |    15 ||   139
       Storm Form        |       |       |       |       |       |    90 |    49 ||   139
       Yara's Violent Un |       |       |       |       |       |     8 |    16 ||    24
       Blink             |       |       |       |       |       |     1 |       ||     1
Invok: Call Merchant     |       |       |       |       |       |     2 |       ||     2
 Abil: Blinkbolt         |       |       |       |       |       |     2 |     3 ||     5
Evoke: Wand              |       |       |       |     1 |       |     7 |       ||     8
  Use: Scroll            |       |     6 |     7 |     8 |    11 |    12 |     4 ||    48
       Potion            |       |       |       |     1 |     5 |    13 |     3 ||    22
 Stab: Sleeping          |       |     3 |     1 |       |       |     4 |     3 ||    11
       Distracted        |       |       |     1 |     1 |       |     5 |     1 ||     8
Armor: Skin              |     2 |     3 |     2 |    23 |    13 |   161 |    71 ||   275
Dodge: Dodged            |    36 |    43 |    16 |   120 |   143 |  1026 |   349 ||  1733
Block: Other             |       |       |       |    21 |       |       |       ||    21
       Buckler           |       |       |       |    14 |    65 |    45 |       ||   124

Levels and vault maps discovered:
D:1:      minmay_arrival_shattered_statue, layout_basic,
          shapermc_ecumenical_altar_notcrosses,
          nicolae_concentric_dashed_squares_mild, st_stairs_1
D:2:      layout_loops_cross, basic_altar, minmay_tripent, uniq_terence
D:3:      layout_basic, mainiacjoe_overflow_paths,
          minmay_overflow_temple_star_quad, grunt_ministairs_3,
          minmay_misc_feat_cross
D:4:      layout_rooms, uniq_crazy_yiuf_cottage
D:5:      layout_basic, temple_hall_moat, gammafunk_ghost_arena,
          corexii_hall_statues_x
D:6:      layout_loops_corners, vehumet_altar_wand_db, minmay_starry_boxes
D:7:      layout_basic, grunt_temple_overflow_open, minmay_small_thing
D:8:      layout_loops_ring, serial_shops, nicolae_shop_waterfront,
          enter_bailey_2, nicolae_shop_vocational, uniq_psyche
D:9:      layout_loops_ring, lair_entry_dummy, nicolae_diode_basic
D:10:     layout_irregular_city
D:11:     layout_basic, minmay_orc_entry_guard_dogs,
          gammafunk_ghost_wrathful_warriors, minivault_7, uniq_nergalle
D:12:     layout_loops_ring, trove_entry_hex_spiral
D:13:     layout_roguey, lightli_minifort
D:14:     layout_big_octagon, erik_vaults_2, nicolae_ru_path_of_blood,
          portal_ice_cave_entry_ice_statue_two
D:15:     grunt_enter_depths_giant_problem, layout_loops_ring,
          minmay_misc_feat_tower
Temple:   hellmonk_temple_of_storms
Lair:1:   layout_chaotic_city
Lair:2:   layout_concentric_octagons, gauntlet_entry_generic
Lair:3:   layout_regular_city, beast_lair_carwin_6
Lair:4:   layout_big_grid, nicolae_swamp_entry_splash_gauntlet,
          guppyfry_snake_entry_island, enter_volcano_4
Lair:5:   layout_regular_city, slime_entry_1
Lair:6:   evil_forest, layout_gridlike, basic_altar, infiniplex_staircase_pool_2
Snake:1:  layout_grid_shapes, serial_shops, nicolae_shop_hallway_plus,
          nicolae_lakefront_shop, nicolae_shop_bloodbath_and_beyond
Snake:2:  layout_chambers, nicolae_shop_overcharged_wands, serial_bayou_shore_b,
          nicolae_integral_box
Snake:3:  nicolae_snake_crotalidae_crossing, layout_gridlike,
          nicolae_snake_gridmaze_spiral, uniq_bai_suzhen, uniq_louise,
          uniq_aizul
Snake:4:  grunt_snake_rune_spirals, layout_concentric_octagons,
          minmay_shop_grove
Slime:1:  layout_caves
Orc:1:    dreamdust_under_siege, layout_caves, mines1_david
Orc:2:    pf_orc_diabolical, layout_caves
Elf:1:    layout_loops_ring, ebering_ghost_inner_flame, serial_shops, shop,
          minivault_28
Elf:2:    elven_hall_of_blades_hangedman_alternative
          [nicolae_blade_entry_floor_patterns], layout_onion_city, serial_shops,
          nicolae_shop_statue_plus
Elf:3:    minmay_elf_hall_x, layout_geoelf_grid, nicolae_wwwww,
          nicolae_fountain_basement

Notes
Turn   | Place    | Note
-------+----------+-------------------------------------------
     0 | D:1      | zeratav the Octopode Venom Mage began the quest for the
                  | Orb.
     0 | D:1      | Reached XP level 1. HP: 11/11 MP: 3/3
     0 | D:1      | magus.rc [v1.9.6]
   152 | D:1      | Reached skill level 3 in Stealth
   217 | D:1      | Reached XP level 2. HP: 10/17 MP: 0/5
   454 | D:1      | Learned a level 2 spell: Poisonous Vapours
   472 | D:1      | Reached skill level 4 in Poison Magic
   681 | D:1      | Found a faded altar of an unknown god.
  1151 | D:1      | Reached XP level 3. HP: 16/21 MP: 0/6
  1226 | D:1      | Reached skill level 4 in Stealth
  1845 | D:2      | HP: 4/21 [quokka (4)]
  2092 | D:2      | Reached XP level 4. HP: 27/27 MP: 0/7
  2228 | D:2      | Found an ornate altar of the Wu Jian Council.
  2462 | D:2      | Reached skill level 5 in Poison Magic
  2790 | D:2      | You fall into a shaft and drop 1 floor!
  3024 | D:3      | Reached skill level 5 in Stealth
  3547 | D:2      | Noticed Terence
  3560 | D:2      | Killed Terence
  3561 | D:2      | Reached XP level 5. HP: 31/31 MP: 5/8
  3765 | D:3      | Reached skill level 6 in Poison Magic
  3775 | D:3      | Found a white marble altar of Elyvilon.
  3779 | D:3      | Found a hide-covered altar of Uskayaw.
  3785 | D:3      | Found a stormy altar of Qazlal.
  3842 | D:3      | Found an ancient bone altar of Kikubaaqudgha.
  3887 | D:3      | Learned a level 4 spell: Olgreb's Toxic Radiance
  4478 | D:4      | Reached skill level 7 in Poison Magic
  4478 | D:4      | Reached XP level 6. HP: 12/36 MP: 4/9
  4764 | D:4      | Identified the +10 spear of Wrath {flame, Str+6}
  4870 | D:4      | Reached skill level 8 in Poison Magic
  5005 | D:4      | Reached XP level 7. HP: 41/41 MP: 3/10
  5041 | D:4      | Reached skill level 9 in Poison Magic
  5291 | D:4      | You pick up a book of Conjurations {@e2} and begin
                  | reading...
  5291 | D:4      | You add the spells Magic Dart, Searing Ray and Fulminant
                  | Prism to your library.
  5500 | D:4      | Found a runed translucent door.
  5501 | D:4      | Noticed Crazy Yiuf
  5509 | D:4      | Killed Crazy Yiuf
  5510 | D:4      | Reached skill level 1 in Fighting
  5581 | D:5      | Entered Level 5 of the Dungeon
  5803 | D:5      | Noticed Farfigtubin's ghost (amateur GnAM)
  5805 | D:5      | Found a transporter.
  5921 | D:5      | Found a staircase to the Ecumenical Temple.
  5925 | Temple   | Entered the Ecumenical Temple
  5932 | Temple   | Became a worshipper of Gozag Ym Sagoz the Greedy
  5985 | D:5      | Reached skill level 3 in Dodging
  6043 | D:5      | Reached skill level 2 in Fighting
  6296 | D:5      | Found a transporter.
  6489 | D:6      | Found a radiant altar of Vehumet.
  6626 | D:6      | Reached skill level 3 in Spellcasting
  6626 | D:6      | Reached XP level 8. HP: 51/51 MP: 6/12
  6881 | D:6      | Reached skill level 3 in Fighting
  6889 | D:6      | Reached skill level 4 in Dodging
  6935 | D:6      | You pick up a book of Air and begin reading...
  6935 | D:6      | You add the spells Shock, Swiftness and Airstrike to your
                  | library.
  7184 | D:6      | Reached skill level 4 in Spellcasting
  7795 | D:7      | Reached skill level 4 in Fighting
  8022 | D:7      | Reached skill level 5 in Dodging
  8022 | D:7      | Reached XP level 9. HP: 59/59 MP: 9/16
  8292 | D:7      | Reached skill level 5 in Spellcasting
  8384 | D:7      | Found a shimmering blue altar of Sif Muna.
  8385 | D:7      | Found a shimmering altar of Xom.
  8683 | D:7      | Noticed a cyclops
  8704 | D:7      | Killed a cyclops
  8705 | D:7      | Reached skill level 5 in Fighting
  8705 | D:7      | Reached skill level 6 in Dodging
  8708 | D:7      | Reached skill level 6 in Fighting
  8708 | D:7      | Reached skill level 1 in Air Magic
  8742 | D:7      | You add the spells Borgnjor's Revivification, Necromutation
                  | and Death's Door to your library.
  8894 | D:8      | Reached skill level 2 in Air Magic
  9049 | D:8      | Reached skill level 3 in Air Magic
  9107 | D:8      | Reached skill level 4 in Air Magic
  9109 | D:8      | Found a flagged portal.
  9136 | Bailey   | Entered a bailey
  9192 | Bailey   | Reached skill level 5 in Air Magic
  9196 | Bailey   | Learned a level 3 spell: Swiftness
  9209 | Bailey   | Reached XP level 10. HP: 69/69 MP: 8/17
  9235 | Bailey   | Noticed an orc knight
  9259 | Bailey   | Killed an orc knight
  9260 | Bailey   | Reached skill level 7 in Fighting
  9260 | Bailey   | Reached skill level 7 in Dodging
  9456 | Bailey   | Found a large runed translucent door.
  9456 | Bailey   | Found a large runed translucent door.
  9457 | Bailey   | Noticed a deep elf pyromancer
  9622 | Bailey   | Killed a deep elf pyromancer
  9794 | Bailey   | Identified the +0 pair of gloves "Mutigom" {Will+ Slay+2}
  9890 | D:8      | Noticed Psyche
  9896 | D:8      | Killed Psyche
  9950 | D:8      | Found Myos's Vocational Training.
 10050 | D:8      | Reached skill level 8 in Fighting
 10050 | D:8      | Reached skill level 8 in Dodging
 10179 | D:8      | Found Ujisoph's Antique Armour Shoppe.
 10253 | D:8      | Gained mutation: You are partially covered in large bone
                  | plates. (SH +4) [potion of mutation]
 10253 | D:8      | Gained mutation: You are partially covered in iridescent
                  | scales. (AC +2) [potion of mutation]
 10977 | D:9      | Found a staircase to the Lair.
 11066 | D:9      | Noticed a two-headed ogre
 11119 | D:9      | Reached skill level 1 in Conjurations
 11119 | D:9      | Reached skill level 1 in Hexes
 11136 | D:9      | Killed a two-headed ogre
 11137 | D:9      | Reached skill level 9 in Fighting
 11137 | D:9      | Reached skill level 9 in Dodging
 11137 | D:9      | Reached skill level 2 in Conjurations
 11137 | D:9      | Reached skill level 2 in Hexes
 11137 | D:9      | Reached XP level 11. HP: 80/80 MP: 11/18
 11221 | D:9      | Found a transporter.
 11619 | D:10     | Entered Level 10 of the Dungeon
 11688 | D:10     | Reached skill level 3 in Conjurations
 11688 | D:10     | Reached skill level 3 in Hexes
 11991 | D:10     | Noticed a two-headed ogre
 12018 | D:10     | Killed a two-headed ogre
 12602 | D:10     | Learned a level 4 spell: Fulminant Prism
 12618 | D:10     | Reached skill level 4 in Conjurations
 12618 | D:10     | Reached skill level 4 in Hexes
 13182 | D:11     | Found a staircase to the Orcish Mines.
 13213 | D:11     | Reached skill level 10 in Fighting
 13339 | D:11     | Reached skill level 10 in Dodging
 13396 | Orc:1    | Entered Level 1 of the Orcish Mines
 13396 | Orc:1    | Noticed a necromancer
 13559 | D:11     | Reached skill level 6 in Spellcasting
 13775 | D:11     | Noticed a moth of wrath
 13797 | D:11     | Noticed a two-headed ogre
 13800 | D:11     | Found a bloodstained altar of Trog.
 13800 | D:11     | Noticed zhov's ghost (journeyman DsFi)
 13903 | D:11     | Noticed a cyclops
 13915 | D:11     | Killed a cyclops
 13925 | D:11     | Reached XP level 12. HP: 69/87 MP: 6/22
 14008 | D:11     | Noticed Nergalle
 14051 | D:11     | Killed Nergalle
 14052 | D:11     | Reached skill level 7 in Spellcasting
 14272 | D:11     | Found a transporter.
 14273 | D:11     | Found a transporter.
 14281 | D:11     | Noticed a two-headed ogre
 14605 | Lair:1   | Entered Level 1 of the Lair of Beasts
 14782 | Lair:1   | Noticed a four-headed hydra
 14882 | Lair:1   | Killed a four-headed hydra
 14917 | Lair:1   | You add the spells Summon Forest, Eringya's Noxious Bog and
                  | Summon Hydra to your library.
 15451 | Lair:2   | Noticed a boulder beetle
 15562 | Lair:2   | Killed a boulder beetle
 15669 | Lair:2   | Found a gate leading to a gauntlet.
 15683 | Gauntlet | Entered a Gauntlet
 15683 | Gauntlet | Found a transporter.
 15683 | Gauntlet | Found a transporter.
 15695 | Gauntlet | Found a transporter.
 15708 | Gauntlet | Found a transporter.
 15715 | Gauntlet | Found a transporter.
 15720 | Gauntlet | Found a transporter.
 15727 | Gauntlet | Noticed an entropy weaver
 15734 | Gauntlet | Found a transporter.
 15750 | Gauntlet | Found a transporter.
 15770 | Gauntlet | Found a transporter.
 15771 | Gauntlet | Found a transporter.
 15775 | Gauntlet | Found a runed translucent door.
 15776 | Gauntlet | Found a runed translucent door.
 15779 | Gauntlet | Found a transporter.
 15783 | Gauntlet | Found a transporter.
 15950 | Lair:2   | Reached skill level 8 in Spellcasting
 15950 | Lair:2   | Reached skill level 5 in Conjurations
 15950 | Lair:2   | Reached skill level 5 in Hexes
 16384 | Lair:2   | You pick up a book of Blood and begin reading...
 16384 | Lair:2   | You add the spells Sublimation of Blood and Wereblood to
                  | your library.
 16703 | Lair:2   | Reached skill level 6 in Conjurations
 16705 | Lair:2   | Reached skill level 6 in Hexes
 17265 | Lair:3   | You pick up a book of Vapours and begin reading...
 17292 | Lair:3   | You pick up a book of Necromancy and begin reading...
 17292 | Lair:3   | You add the spells Necrotise, Vampiric Draining and Agony
                  | to your library.
 17918 | Lair:3   | Reached skill level 7 in Conjurations
 17918 | Lair:3   | Reached skill level 7 in Hexes
 18805 | Lair:4   | Noticed a seven-headed hydra
 18806 | Lair:4   | Noticed a four-headed hydra
 18840 | Lair:4   | Killed a seven-headed hydra
 18840 | Lair:4   | Killed a four-headed hydra
 18841 | Lair:4   | Reached XP level 13. HP: 92/92 MP: 14/25
 18905 | Lair:4   | Reached skill level 8 in Conjurations
 18911 | Lair:4   | Reached skill level 8 in Hexes
 19006 | Lair:4   | Found a dark tunnel.
 19011 | Volcano  | Entered a volcano
 19080 | Lair:4   | Reached skill level 2 in Transmutations
 19308 | Lair:4   | Reached skill level 3 in Transmutations
 19339 | Lair:4   | Reached skill level 4 in Transmutations
 19396 | Lair:4   | Reached skill level 5 in Transmutations
 19450 | Lair:4   | Learned a level 6 spell: Eringya's Noxious Bog
 19805 | Lair:4   | Found a staircase to the Swamp.
 19844 | Lair:4   | Reached skill level 6 in Transmutations
 19876 | Lair:4   | Found a staircase to the Snake Pit.
 20084 | Lair:4   | Reached skill level 7 in Transmutations
 20119 | Lair:4   | Identified the +7 quarterstaff "Luudwoh" {holy, rPois}
 20168 | Lair:4   | You pick up a book of the Warp and begin reading...
 20168 | Lair:4   | You add the spells Dispersal and Disjunction to your
                  | library.
 20914 | Lair:5   | Reached skill level 8 in Transmutations
 20921 | Lair:5   | Reached skill level 6 in Stealth
 21694 | Lair:5   | You pick up a book of Blood and begin reading...
 21875 | Lair:5   | Reached skill level 7 in Stealth
 22313 | Lair:5   | Found a staircase to the Slime Pits.
 22532 | Lair:5   | Reached XP level 14. HP: 99/99 MP: 23/26
 22628 | Lair:6   | Entered Level 6 of the Lair of Beasts
 23683 | D:5      | Killed Farfigtubin's ghost
 23684 | D:5      | Reached skill level 8 in Stealth
 24205 | Orc:1    | Reached skill level 11 in Fighting
 24205 | Orc:1    | Reached skill level 11 in Dodging
 24692 | Orc:2    | Entered Level 2 of the Orcish Mines
 24994 | Orc:2    | Noticed an orc warlord
 25027 | Orc:2    | Killed an orc warlord
 25274 | Orc:2    | Reached skill level 9 in Stealth
 26114 | Orc:2    | Found Zanar's General Store.
 26122 | Orc:2    | Found Vezxots's Distillery.
 26248 | Orc:2    | Found a staircase to the Elven Halls.
 26739 | Orc:2    | Gained mutation: You are weak. (Str -2) [a neqoxec]
 26749 | Orc:2    | Reached skill level 10 in Stealth
 26759 | Orc:2    | Paralysed by an orc sorcerer for 5 turns
 26836 | Orc:2    | HP: 22/102 [sun demon[an orc high priest] (18)]
 27175 | Orc:2    | HP: 22/102 [demonspawn (11)]
 27756 | Orc:2    | Paralysed by an orc sorcerer for 4 turns
 27771 | Orc:2    | Reached skill level 12 in Fighting
 27771 | Orc:2    | Reached skill level 12 in Dodging
 28124 | Orc:2    | Found Daham's Antique Armour Shop.
 28124 | Orc:2    | Found Houluej's Book Boutique.
 28124 | Orc:2    | Found a one-way gate leading to the halls of Pandemonium.
 28133 | Orc:2    | Gained mutation: You are frail. (-10% HP) [a neqoxec]
 28256 | Orc:2    | Bought an Inescapable Atlas for 612 gold pieces
 28256 | Orc:2    | You add the spells Blink, Manifold Assault and Storm Form
                  | to your library.
 28256 | Orc:2    | Bought a manual of Dodging for 1440 gold pieces
 28548 | Orc:2    | Bought a scroll of identify for 32 gold pieces
 28548 | Orc:2    | Bought a scroll of magic mapping for 56 gold pieces
 28550 | Orc:2    | Bought a potion of curing for 42 gold pieces
 28886 | Orc:2    | Bought a potion of experience for 800 gold pieces
 28887 | Orc:2    | Reached skill level 9 in Transmutations
 28887 | Orc:2    | Reached skill level 6 in Air Magic
 28887 | Orc:2    | Reached XP level 15. HP: 97/97 MP: 27/27
 28907 | Orc:2    | Learned a level 2 spell: Blink
 28914 | Elf:1    | Entered Level 1 of the Elven Halls
 28964 | Orc:2    | Bought a potion of brilliance for 56 gold pieces
 29011 | Elf:1    | Found a runed translucent door.
 29012 | Elf:1    | Noticed pigah's ghost (adept OpAE)
 29046 | Elf:1    | Paralysed by an air elemental for 1 turns
 29051 | Elf:1    | Paralysed by an air elemental for 1 turns
 29253 | D:12     | Reached skill level 7 in Air Magic
 29335 | D:12     | Found a portal to a secret trove of treasure.
 29338 | D:12     | This trove needs a +7 demon blade to function. Give it the
                  | item?
 29676 | D:12     | Found the +7 staff of the Meek {protect, meekguard}
 30394 | D:12     | Reached skill level 10 in Transmutations
 30768 | D:13     | Reached skill level 8 in Air Magic
 30842 | D:13     | Reached XP level 16. HP: 102/102 MP: 19/28
 31899 | D:14     | Found a frozen archway.
 31982 | IceCv    | Entered an ice cave
 31993 | IceCv    | Reached skill level 9 in Air Magic
 32015 | IceCv    | Reached skill level 11 in Transmutations
 32661 | IceCv    | HP: 8/102 [sun demon[an obsidian statue] (27)]
 33018 | IceCv    | HP: 19/102 [reaper/+0 scythe of freezing (27)]
 33508 | D:14     | Reached skill level 10 in Air Magic
 33513 | D:14     | You pick up a book of Conjurations {@e2} and begin
                  | reading...
 33531 | D:14     | Found a sacrificial altar of Ru.
 33882 | D:13     | Bought a book of Misfortune for 540 gold pieces
 33882 | D:13     | You pick up a book of Misfortune and begin reading...
 33882 | D:13     | You add the spells Confusing Touch, Yara's Violent
                  | Unravelling and Enfeeble to your library.
 33888 | D:13     | Learned a level 5 spell: Yara's Violent Unravelling
 33893 | D:13     | Bought a ring of see invisible for 210 gold pieces
 33893 | D:13     | Bought the ring "Xaum" {Wiz Will+ rCorr Dex-5} for 527 gold
                  | pieces
 34004 | D:14     | Identified the +7 long sword of Resourcefulness {holy, rC+
                  | Dex+7}
 34023 | D:14     | Reached skill level 12 in Transmutations
 34101 | D:14     | Paralysed by an ogre mage for 5 turns
 34136 | D:14     | Found a gate to the Vaults.
 34402 | D:15     | Entered Level 15 of the Dungeon
 34754 | D:14     | Reached skill level 11 in Air Magic
 34995 | Slime:1  | Entered Level 1 of the Pits of Slime
 35059 | Snake:1  | Entered Level 1 of the Snake Pit
 35068 | Snake:1  | HP: 23/102 [shock serpent/electric aura (10)]
 35070 | Snake:1  | HP: 8/102 [shock serpent/electric aura (9)]
 35070 | Snake:1  | HP: 1/102 [shock serpent/electric aura (7)]
 35673 | Snake:1  | Learned a level 7 spell: Storm Form
 35694 | Snake:1  | Found Ockyivusm's Weapon Emporium.
 35925 | Snake:1  | Reached skill level 1 in Unarmed Combat
 36063 | Snake:1  | Found Safuj's Assorted Antiques.
 36068 | Snake:1  | Bought a potion of might for 76 gold pieces
 36068 | Snake:1  | Bought 3 scrolls of blinking for 427 gold pieces
 36068 | Snake:1  | Bought a small sapphire ring for 95 gold pieces
 36068 | Snake:1  | Bought a potion of curing for 57 gold pieces
 36270 | Snake:1  | Found Yduima's Book Boutique.
 36341 | Snake:2  | Reached skill level 2 in Unarmed Combat
 36830 | Snake:2  | Reached skill level 3 in Unarmed Combat
 36830 | Snake:2  | Reached XP level 17. HP: 107/107 MP: 25/29
 36878 | Snake:2  | Found Weag Ning's Overcharged Wands.
 36954 | Snake:2  | Reached skill level 9 in Spellcasting
 37377 | Snake:2  | Reached skill level 10 in Spellcasting
 37425 | Snake:2  | You pick up a book of Blood and begin reading...
 38289 | Snake:3  | Noticed Bai Suzhen
 38290 | Snake:3  | Noticed Louise
 38326 | Snake:3  | Reached skill level 11 in Spellcasting
 38924 | Snake:3  | Reached skill level 12 in Spellcasting
 39098 | Snake:3  | Noticed Aizul
 39114 | Snake:3  | Killed Aizul
 39126 | Snake:3  | Killed Louise
 39127 | Snake:3  | Reached skill level 13 in Transmutations
 39152 | Snake:3  | HP: 22/107 [naga sharpshooter/arrow (11)]
 40440 | Snake:3  | Reached skill level 12 in Air Magic
 41294 | Snake:4  | Entered Level 4 of the Snake Pit
 41564 | Snake:4  | HP: 1/107 [naga warrior/+0 battleaxe (48)]
 42236 | Snake:4  | Reached XP level 18. HP: 102/113 MP: 23/34
 42334 | Snake:4  | Reached skill level 14 in Transmutations
 42600 | Snake:1  | Bought a manual of Air Magic for 1040 gold pieces
 42766 | Snake:4  | Reached skill level 13 in Air Magic
 44081 | Snake:4  | Reached skill level 14 in Air Magic
 44942 | Snake:4  | Reached skill level 15 in Transmutations
 45152 | Snake:4  | HP: 17/113 [salamander tyrant/flame surge (22)]
 45163 | Snake:4  | HP: 27/113 [shock serpent (4)]
 45166 | Snake:4  | HP: 11/113 [shock serpent (4)]
 45621 | Snake:4  | Found Acoojir's Jewellery Shoppe.
 45622 | Snake:4  | Found Petuhoe's Book Shop.
 45622 | Snake:4  | Found Namuh's Book Shop.
 45659 | Snake:4  | Reached skill level 15 in Air Magic
 45879 | Snake:4  | Reached skill level 4 in Unarmed Combat
 46146 | Snake:4  | Reached skill level 5 in Unarmed Combat
 46152 | Snake:4  | Got a serpentine rune of Zot
 46548 | Snake:3  | Killed Bai Suzhen
 46816 | Snake:4  | Bought a manual of Dodging for 1440 gold pieces
 47202 | Elf:1    | Reached skill level 6 in Unarmed Combat
 47383 | Elf:1    | Paralysed by an air elemental for 1 turns
 47466 | Elf:1    | Reached skill level 7 in Unarmed Combat
 47877 | Elf:1    | Reached skill level 8 in Unarmed Combat
 48378 | Elf:1    | Found Duukhufe's Magic Scroll Boutique.
 48382 | Elf:1    | Bought 2 scrolls of teleportation for 84 gold pieces
 48683 | Elf:2    | Reached skill level 9 in Unarmed Combat
 48688 | Elf:2    | HP: 27/113 [+6 vorpal war axe (6)]
 48706 | Elf:1    | Reached XP level 19. HP: 40/117 MP: 35/35
 49377 | Elf:2    | Reached skill level 10 in Unarmed Combat
 49394 | Elf:2    | Found Nuem's General Store.
 49425 | Elf:2    | Bought 2 potions of haste for 320 gold pieces
 49425 | Elf:2    | Bought a potion of curing for 48 gold pieces
 49425 | Elf:2    | Bought a scroll of fear for 56 gold pieces
 49524 | Elf:2    | You are cast into the Abyss!
 49524 | Abyss:2  | Cast into level 2 of the Abyss (a deep elf sorcerer)
 49653 | Abyss:3  | Gained mutation: Your skin blends seamlessly with your
                  | surroundings (Stealth++). [a neqoxec]
 49950 | Abyss:4  | Reached skill level 11 in Unarmed Combat
 49968 | Abyss:4  | Got an abyssal rune of Zot
 49974 | Abyss:4  | HP: 25/117 [lurking horror (22)]
 49980 | Abyss:4  | HP: 21/117 [thrashing horror (4)]
 50008 | Abyss:4  | Gained mutation: You are clumsy. (Dex -2) [you]
 50099 | Abyss:4  | HP: 29/118 [thrashing horror (9)]
 50102 | Elf:2    | You pass through the gate.
 50102 | Elf:2    | Escaped the Abyss
 50110 | Elf:2    | Reached skill level 13 in Dodging
 50893 | Elf:2    | Found a huge runed translucent gate.
 50893 | Elf:2    | Found a huge runed translucent gate.
 50893 | Elf:2    | Found a huge runed translucent gate.
 50893 | Elf:2    | Found a huge runed translucent gate.
 50894 | Elf:2    | Found a huge runed translucent gate.
 50928 | Elf:3    | Entered Level 3 of the Elven Halls
 51151 | Elf:3    | Reached skill level 13 in Fighting
 51239 | Elf:3    | HP: 30/120 [+5 glaive of venom (12)]
 51240 | Elf:3    | HP: 14/120 [+1 flail of protection (7)]
 51651 | Elf:3    | Reached skill level 14 in Dodging
 53005 | Elf:3    | Identified the +7 fire dragon scales of Xexiv {Drain rF++
                  | rC- Regen+ Dex+8}
 53053 | Elf:3    | Reached skill level 15 in Dodging
 53342 | Elf:3    | Identified the amulet "Amarghin" {Regen+ Str+2 Dex+3}
 53350 | Elf:3    | Reached skill level 14 in Fighting
 53351 | Elf:3    | HP: 3/122 [deep elf annihilator/crystal spear (76)]
 54168 | Elf:3    | HP: 26/123 [deep elf master archer/arrow (28)]
 54169 | Elf:3    | HP: 12/123 [deep elf master archer/arrow (14)]
 55118 | Elf:3    | HP: 24/123 [deep elf master archer/arrow (13)]
 55121 | Elf:3    | HP: 7/123 [deep elf master archer/arrow (17)]
 55122 | Elf:3    | Shot with an arrow by a deep elf master archer

Vanquished Creatures
  Bai Suzhen (Snake:3)
  A shard shrike zombie (Abyss:4)
  A deep elf blademaster (Elf:3)
  18 nagarajas
  6 deep elf sorcerers
  Louise (Snake:3)
  An orc warlord (Orc:2)
  Aizul (Snake:3)
  An angel (Abyss:4)
  2 very ugly things (Abyss:4)
  3 deep elf elementalists
  3 reapers (IceCv)
  8 deep elf annihilators (Elf:3)
  A yellow draconian (Abyss:4)
  An eidolon (Abyss:3)
  2 deep elf high priests (Elf:3)
  5 deep elf death magi
  7 boulder beetles
  5 salamander tyrants (Snake:4)
  2 ogre magi (D:14)
  8 vault guards (D:14)
  2 demonspawn (Orc:2)
  6 two-headed ogres
  7 hydras
  12 naga warriors
  4 anacondas
  A catoblepas (D:12)
  3 centaur warriors
  A thrashing horror (Abyss:4)
  6 death yaks (Lair:5)
  2 tengu warriors
  6 orc high priests (Orc:2)
  8 shock serpents
  Nergalle (D:11)
  19 naga sharpshooters
  18 deep elf knights
  A spatial maelstrom (Abyss:3)
  3 wretched stars (Abyss:4)
  A sixfirhy (Abyss:4)
  6 salamander mystics
  4 large abominations (Abyss:4)
  7 naga ritualists
  3 bog bodies
  A flayed ghost (Abyss:4)
  14 deep elf archers
  2 spriggan simulacra (IceCv)
  6 orc knights
  21 deep elf pyromancers
  2 necromancers (Orc:1)
  22 deep elf zephyrmancers
  12 mana vipers
  7 orc sorcerers
  2 manticores
  6 elephants (Lair:4)
  21 salamanders
  5 cyclopes
  2 smoke demons
  2 ice statues (D:14)
  32 black mambas
  7 guardian serpents
  14 naga magi
  5 cane toads
  3 gargoyles
  An unseen horror (D:12)
  3 rime drakes
  Psyche (D:8)
  An efreet (Abyss:4)
  8 freezing wraiths (IceCv)
  12 komodo dragons
  A tengu conjurer (D:13)
  2 anaconda simulacra (IceCv)
  3 entropy weaver simulacra (IceCv)
  2 queen bees
  3 ice devils (IceCv)
  2 ancient zymes
  A silent spectre (Abyss:3)
  A red devil (Orc:2)
  A hornet (D:10)
  4 trolls
  3 blink frogs (Lair:2)
  13 slime creatures
  A raiju (Abyss:3)
  7 dream sheep (Lair:4)
  A small abomination (Abyss:3)
  2 air elementals
  2 shadows
  4 wraiths
  2 wyverns
  A water elemental (Elf:3)
  4 ynoxinuls
  A dire elephant simulacrum (IceCv)
  47 yaks
  3 basilisks
  A steam dragon (D:9)
  The ghost of Farfigtubin the Vexing, an amateur GnAM (D:5)
  2 minotaur simulacra (IceCv)
  4 fire elementals
  3 neqoxecs
  2 chaos spawn
  4 wargs (D:11)
  44 nagas
  An acid dragon (D:6)
  2 harpy simulacra (IceCv)
  A hydra simulacrum (IceCv)
  15 water moccasins
  3 swamp worms (Lair:4)
  41 orc warriors
  An alligator simulacrum (IceCv)
  2 sky beasts
  2 black bears
  An ettin simulacrum (IceCv)
  11 ogres
  7 centaurs
  3 wolves (Lair:4)
  3 kobold brigands
  9 bullfrogs
  A necrophage (D:7)
  3 deep troll simulacra (IceCv)
  A cyclops zombie (Orc:1)
  2 scorpions
  3 earth elementals
  4 wights (D:7)
  2 cyclops skeletons (Orc:1)
  A warg zombie (Orc:1)
  20 killer bees
  A lindwurm simulacrum (IceCv)
  9 howler monkeys
  3 electric eels
  2 jellies
  A hound (D:5)
  Crazy Yiuf (D:4)
  29 orc priests
  8 iguanas
  Terence (D:2)
  16 orc wizards
  An ogre zombie (Orc:1)
  3 ogre skeletons (Orc:1)
  11 adders
  4 gnolls
  An ufetubus (D:5)
  A worm (D:2)
  2 dart slugs
  80 orcs
  7 endoplasms
  4 giant cockroaches
  5 goblins
  12 hobgoblins
  3 jackals (D:2)
  20 kobolds
  5 quokkas
  6 ball pythons
  3 bats
  2 frilled lizards
  5 rats
  A bush (D:4)
  6 fulminant prisms
  A lurking horror (Abyss:3)
976 creatures vanquished.

Vanquished Creatures (others)
  16 dancing weapons
  A deep elf pyromancer (Elf:1)
  2 water elementals
  245 fulminant prisms
  50 fungi
  A lurking horror (Abyss:4)
  62 plants
377 creatures vanquished.

Grand Total: 1353 creatures vanquished

Table legend:
 A = Non-vault XP
 B = Vault XP
 C = Vault XP percentage of total XP
 D = Non-vault monster count
 E = Vault monster count
 F = Vault count percentage of total count
                 A         B        C        D         E       F
            +---------+---------+-------+---------+---------+-------
      Total |  229019 |  129672 |  36.2 |     686 |     300 |  30.4
            +---------+---------+-------+---------+---------+-------
        D:1 |      41 |       3 |   6.8 |      16 |       2 |  11.1
        D:2 |     108 |      42 |  28.0 |      29 |       3 |   9.4
        D:3 |      69 |       3 |   4.2 |      15 |       2 |  11.8
        D:4 |     592 |      41 |   6.5 |      24 |       1 |   4.0
        D:5 |     242 |     297 |  55.1 |      10 |       4 |  28.6
        D:6 |     826 |     134 |  14.0 |      12 |       6 |  33.3
        D:7 |    1191 |     649 |  35.3 |      20 |       2 |   9.1
        D:8 |     901 |     371 |  29.2 |      20 |       1 |   4.8
        D:9 |    3134 |       0 |   0.0 |      30 |       0 |   0.0
       D:10 |    4328 |       0 |   0.0 |      18 |       0 |   0.0
       D:11 |    1933 |    2836 |  59.5 |      13 |      23 |  63.9
       D:12 |    8670 |       0 |   0.0 |      22 |       0 |   0.0
       D:13 |    8557 |    1036 |  10.8 |      20 |       7 |  25.9
       D:14 |    7768 |    7827 |  50.2 |      13 |      10 |  43.5
       D:15 |    2620 |       0 |   0.0 |       7 |       0 |   0.0
     Lair:1 |    2182 |       0 |   0.0 |       6 |       0 |   0.0
     Lair:2 |    5492 |       0 |   0.0 |      20 |       0 |   0.0
     Lair:3 |    2181 |    1508 |  40.9 |      10 |       6 |  37.5
     Lair:4 |   11482 |    2202 |  16.1 |      37 |       8 |  17.8
     Lair:5 |   10600 |       0 |   0.0 |      27 |       0 |   0.0
     Lair:6 |     580 |       0 |   0.0 |       2 |       0 |   0.0
    Snake:1 |    7771 |       0 |   0.0 |      12 |       0 |   0.0
    Snake:2 |   26057 |       0 |   0.0 |      52 |       0 |   0.0
    Snake:3 |   27709 |    9457 |  25.4 |      57 |      13 |  18.6
    Snake:4 |   16061 |   35940 |  69.1 |      26 |      45 |  63.4
      Orc:1 |      52 |    1759 |  97.1 |       4 |      15 |  78.9
      Orc:2 |    3461 |   15667 |  81.9 |      44 |      62 |  58.5
      Elf:1 |   18913 |    8877 |  31.9 |      31 |      13 |  29.5
      Elf:2 |   20113 |     831 |   4.0 |      31 |       1 |   3.1
      Elf:3 |   20788 |   21581 |  50.9 |      32 |      21 |  39.6
    Abyss:3 |    3602 |       0 |   0.0 |       9 |       0 |   0.0
    Abyss:4 |   10995 |    3855 |  26.0 |      17 |       5 |  22.7
     Bailey |       0 |    2335 | 100.0 |       0 |      16 | 100.0
      IceCv |       0 |   12421 | 100.0 |       0 |      34 | 100.0
            +---------+---------+-------+---------+---------+-------

Illustrated notes

Table legend:
 A = Kills in this place as a percentage of kills in entire the game.
 B = Kills by you in this place as a percentage of kills by you in the entire game.
 C = Kills by friends in this place as a percentage of kills by friends in the entire game.
 D = Other kills in this place as a percentage of other kills in the entire game.
 E = Experience gained in this place as a percentage of experience gained in the entire game.
 F = Experience gained in this place divided by the number of levels of this place that you have seen.
                   A       B       C       D       E      F
               +-------+-------+-------+-------+-------+----------------------
         Total | 100.0 | 100.0 |   N/A | 100.0 | 100.0 | 9197.2
       Dungeon |  33.5 |  34.1 |   N/A |   0.0 |  15.1 | 3614.6
          Lair |  11.8 |  12.0 |   N/A |   0.0 |  10.1 | 6037.8
     Snake Pit |  20.8 |  21.2 |   N/A |   0.0 |  34.3 | 30748.8
  Orcish Mines |  12.7 |  12.9 |   N/A |   0.0 |   5.8 | 10469.5
   Elven Halls |  13.1 |  11.5 |   N/A | 100.0 |  25.4 | 30367.7
         Abyss |   3.1 |   3.2 |   N/A |   0.0 |   5.1 | 6150.7
        Bailey |   1.6 |   1.7 |   N/A |   0.0 |   0.7 | 2335.0
      Ice Cave |   3.4 |   3.5 |   N/A |   0.0 |   3.5 | 12421.0
               +-------+-------+-------+-------+-------+----------------------

Table legend: (Time is in decaauts)
 A = Elapsed time spent in this place.
 B = Non-inter-level travel time spent in this place.
 C = Inter-level travel time spent in this place.
 D = Time resting spent in this place.
 E = Time spent auto-exploring this place.
 F = Levels seen in this place.
 G = Mean time per level.
                   A        B        C        D        E       F      G
               +--------+--------+--------+--------+--------+-----+--------+
         Total |  55113 |  51102 |   4011 |  18209 |  12240 |  39 | 1413.2 |
       Dungeon |  19573 |  17581 |   1992 |   3965 |   8355 |  15 | 1304.9 |
        Temple |     14 |      1 |     13 |      0 |      0 |   1 |   14.0 |
          Lair |   8495 |   7814 |    681 |   2369 |   1342 |   6 | 1415.8 |
     Snake Pit |  11450 |  10561 |    889 |   4882 |    863 |   4 | 2862.5 |
    Slime Pits |      1 |      1 |      0 |      0 |      0 |   1 |    1.0 |
  Orcish Mines |   5183 |   4927 |    256 |   2222 |    813 |   2 | 2591.5 |
   Elven Halls |   7492 |   7315 |    177 |   3743 |    599 |   3 | 2497.3 |
         Abyss |    564 |    564 |      0 |     18 |      0 |   3 |  188.0 |
        Bailey |    704 |    704 |      0 |    269 |    125 |   1 |  704.0 |
      Ice Cave |   1406 |   1406 |      0 |    740 |     12 |   1 | 1406.0 |
       Volcano |     34 |     34 |      0 |      0 |      0 |   1 |   34.0 |
      Gauntlet |    192 |    192 |      0 |      0 |    131 |   1 |  192.0 |
               +--------+--------+--------+--------+--------+-----+--------+

Top non-repeatable levels by time:
   Orc:2: 4024 daAuts
 Snake:3: 3953 daAuts
 Snake:4: 3895 daAuts
   Elf:3: 3142 daAuts
  Lair:4: 2914 daAuts
 Snake:2: 2623 daAuts
   Elf:1: 2219 daAuts
   Elf:2: 2130 daAuts
     D:1: 1964 daAuts
    D:11: 1673 daAuts
  Lair:3: 1644 daAuts
     D:9: 1608 daAuts
     D:2: 1580 daAuts
     D:6: 1527 daAuts
    D:12: 1502 daAuts
